[Event "Early-Titled-Tuesday-Blitz-September-12-2023"]
[Site "Chess.com"]
[Date "2023.09.12"]
[Round "2"]
[White "Gauravthegm"]
[Black "crazy_but_lazy"]
[Result "1-0"]
[WhiteElo "2421"]
[BlackElo "2622"]
[TimeControl "180+1"]
[EndTime "8:19:50 PDT"]
[Termination "Gauravthegm won by resignation"]

1. e4 e5 2. Nf3 Nc6 3. Bc4 Bc5 4. c3 Nf6 5. d3 d6 6. O-O a6 7. a4 Ba7 8. b4 h6 9. Nbd2 g5 10. Qe2 Ne7 11. d4 Ng6 12. Nb3 g4 13. Ne1 Qe7 14.
Nd3 Be6 15. Bxe6 Qxe6 16. dxe5 Nxe5 17. Nxe5 dxe5 18. Na5 b6 19. Nc4 h5 20. b5 h4 21.
Bg5 h3 22. g3 Rg8 23. Bxf6 Qxf6 24. Ne3 c6 25. Rfd1 Kf8 26. Nf5 Rg6 27. Rd6 Qg5 28.
Rd7 cxb5 29. axb5 a5 30. Rad1 Kg8 31. Ne7+ Kh7 32. Nxg6 Kxg6 33. R1d6+ f6 34. Qe3 Qxe3 35.
fxe3 a4 36. Rd1 Bb8 37. Ra1 a3 38. Kf2 Ra5 39. c4 Ra4 40. Rd3 a2 41. Rd2 Rxc4 42. Raxa2 Rxe4 43. Rac2 Ra4 44. Rd8 Ba7 45. Ra8 Kf5 46.
Ke2 Ke4 47. Rac8 Kd5 48. Rd8+ Ke4 49. Rdc8 Kd5 50. R8c3 Ke4 51. Rc4+ Rxc4 52. Rxc4+ Kd5 53. Rc7 Bb8 54. Rf7 Ke6 55. Rb7 Bd6 56. Rxb6 Kd5 57.
Ra6 e4 58. Ra8 f5 59. b6 Kc6 60.
Rd8 Be5 61. Re8 Bd6 62. Re6 Kd7 63. Rf6 Bc5 64. Rxf5 Bxb6 65. Re5 Bc7 66. Rxe4 Bxg3 67. Rxg4 Bxh2 68. Rh4 Be5 69. Rxh3 Ke6 70. Kd3 Bf6 71. Rh6 Ke5 72. Rh5+ Ke6 73. Ra5 Be7 74. Ke4 Bd6 75. Ra6 Ke7 76. Rxd6 Kxd6 77. Kf5 Ke7 78. Ke5 Kd7 79.
Kf6 Ke8 80. e4 Kf8 81. e5 Ke8 82. Ke6 Kd8 83. Kf7 1-0

[Event "Early-Titled-Tuesday-Blitz-September-12-2023"]
[Site "Chess.com"]
[Date "2023.09.12"]
[Round "2"]
[White "LoydBlankenship"]
[Black "HeinichessPY"]
[Result "1-0"]
[WhiteElo "2637"]
[BlackElo "2343"]
[TimeControl "180+1"]
[EndTime "8:19:53 PDT"]
[Termination "LoydBlankenship won by checkmate"]

1. e4 c5 2. Nf3 Nc6 3. d4 cxd4 4.
Nxd4 g6 5. Nb3 Bg7 6. c3 Nf6 7. Bd3 O-O 8. O-O d5 9. exd5 Qxd5 10. Qc2 Be6 11. Bf4 Rac8 12. N1d2 Nb4 13. cxb4 Rxc2 14. Bxc2 Bf5 15. Bd1 Ne4 16. Bf3 Qe6 17. Rfe1 Nxd2 18.
Rxe6 Nxf3+ 19. gxf3 Bxe6 20. Be3 Bxb2 21. Rb1 Bc3 22.
Bxa7 Ra8 23. Bd4 Bxb4 24. Nc5 Bxc5 25. Bxc5 Rxa2 26. Rxb7 Bh3 27. Bd4 Rc2 28. Rb8+ Rc8 29. Rb1 f6 30. f4 Kf7 31. Re1 Rc4 32. Be3 h6 33. Rb1 g5 34. fxg5 hxg5 35. Rb7 Ra4 36. Rb1 e5 37. f3 Kg6 38. Kf2 Bf5 39. Rb2 Ra1 40. Bc5 Rb1 41. Ra2 Rc1 42. Ra5 g4 43.
fxg4 Bxg4 44. Be7 Rc6 45. Kg3 Bf5 46. Ra7 Bd3 47. h4 e4 48. Kf4 Rc1 49. Bf8 Rf1+ 50.
Ke3 Rf3+ 51. Kd4 Kh5 52. Rh7+ Kg6 53. Rg7+ Kf5 54. Rh7 Bb1 55. h5 Rh3 56. h6 e3 57.
Re7 Kg6 58. Bg7 f5 59. Re6+ Kh7 60. Re7 Kg6 61. Be5 Rxh6 62. Re6+ Kg5 63. Re8 Kg4 64. Kxe3 Rh3+ 65. Kd4 Be4 66. Rg8+ Kf3 67. Rg5 Ke2 68. Rg1 Rd3+ 69. Kc4 Rd1 70. Rg3 Kf2 71. Ra3 Rc1+ 72.
Kd4 Rd1+ 73. Kc5 Rd3 74. Ra2+ Ke3 75. Bf6 f4 76. Rh2 f3 77. Bg5# 1-0

[Event "Early-Titled-Tuesday-Blitz-September-12-2023"]
[Site "Chess.com"]
[Date "2023.09.12"]
[Round "2"]
[White "MKlose11"]
[Black "Dr_crypt"]
[Result "0-1"]
[WhiteElo "2610"]
[BlackElo "2417"]
[TimeControl "180+1"]
[EndTime "8:19:59 PDT"]
[Termination "Dr_crypt won by resignation"]

1. e4 d5 2. exd5 Qxd5 3. Nc3 Qd6 4. d4 c6 5. Nf3 Bf5 6. Bc4 e6 7. O-O Nd7 8. Ne2 Qc7 9. c3 Ngf6 10. Re1 Bd6 11.
Ng3 Bg6 12. Qe2 O-O 13. Ne5 Rfe8 14. h4 Bxe5 15. dxe5 Nd5 16. h5 Bf5 17. Nxf5 exf5 18. Bxd5 cxd5 19. Bf4 Nf8 20. Qd3 g6 21. hxg6 hxg6 22.
Qxd5 Ne6 23. Qf3 Rad8 24. Rad1 Qc4 25. Bc1 b6 26. b3 Qa6 27. a4 Nc5 28. c4 Qa5 29.
Ba3 Ne6 30. Bd6 Nc5 31. Bxc5 Qxc5 32. Rxd8 Rxd8 33. e6 fxe6 34. Rxe6 Kf7 35. Re3 Rd7 36. g3 a5 37. Qa8 Re7 38. Rxe7+ Kxe7 39. Qg8 Kf6 40.
Qh8+ Kf7 41. Qh7+ Kf6 42. Qd7 Qb4 43. Qd4+ Kf7 44. Qd3 Qe1+ 45. Kg2 Qb4 46. Kf3 Kf6 47. Ke2 Qe7+ 48. Kd1 Qc5 49. Ke2 Qe7+ 50. Qe3 Qb4 51. Kd1 g5 52. Kc2 Qd6 53. Kc3 Qb4+ 54. Kc2 Qd6 55. Qd3 Qc5 56. Qc3+ Kg6 57. Qe3 Kf6 58.
Qxc5 bxc5 59. Kd2 Ke5 60. Ke3 f4+ 61. Kf3 Kf5 62. g4+ Ke5 63. Ke2 Kd4 64. Kd2 f3 65. Kc2 Ke4 66. Kc3 Kf4 67. b4 cxb4+ 68. Kd3 Kxg4 69.
c5 Kf5 70. c6 Ke6 71. Ke3 Kd6 72. Kxf3 b3 73. Kg4 b2 74. Kxg5 b1=Q 75. f4 Kxc6 76.
f5 Kd7 77. Kf6 Qb6+ 78. Ke5 Qc5+ 79. Ke4 Ke7 80. Kd3 Kf6 0-1

[Event "Early-Titled-Tuesday-Blitz-September-12-2023"]
[Site "Chess.com"]
[Date "2023.09.12"]
[Round "2"]
[White "kushbhagat2009"]
[Black "artooon"]
[Result "0-1"]
[WhiteElo "2639"]
[BlackElo "3054"]
[TimeControl "180+1"]
[EndTime "8:20:03 PDT"]
[Termination "artooon won on time"]

1. d4 d5 2. Bf4 e6 3. e3 Bd6 4.
Nf3 Ne7 5. Bd3 h6 6. c3 O-O 7. Nbd2 c5 8. O-O Nbc6 9. Bg3 Bxg3 10. hxg3 b6 11. a4 Bb7 12. Re1 Rc8 13. Qe2 Qd6 14. e4 cxd4 15. e5 Qb8 16. Nxd4 Nxd4 17.
cxd4 Nc6 18. Nf3 Nb4 19. Rac1 Nxd3 20. Qxd3 Rc7 21. g4 Rfc8 22. Rb1 g5 23. Qe3 Rc2 24. Nd2 Qc7 25. f4 Ba6 26. fxg5 hxg5 27. Qxg5+ Kf8 28. Nf3 Qe7 29. Qh6+ Ke8 30. Rbc1 Kd7 31. Rxc2 Rxc2 32. Rc1 Rxb2 33. Qh8 Bc4 34. Qb8 a5 35. g5 Qd8 36.
Qb7+ Qc7 37. Qa8 Qc8 38. Qa7+ Qc7 39. Qa8 Qd8 40. Qb7+ Ke8 41. g6 fxg6 42. Qg7 Qe7 43. Qxg6+ Qf7 44. Qh6 Kd7 45. Qf6 Qg8 46. Ng5 Rb3 47.
Rc2 Rg3 48. Qf7+ Qxf7 49. Nxf7 b5 50. axb5 a4 51. Nd6 Bb3 52. Rc1 Rd3 53. b6 Rxd4 54. b7 Rb4 55. Rc8 Rxb7 56. Rh8 Rc7 57. Rh7+ Kc6 58.
Rh8 d4 59. Kf2 Ra7 60. Rc8+ Kd5 61. Ke2 a3 62. Rc1 Kxe5 63. Nb5 Rg7 64. Nxa3 Rxg2+ 65.
Kf1 Rh2 66. Kg1 Ra2 67. Nb5 Kd5 68. Re1 e5 69. Nc7+ Kd6 70. Ne8+ Kd5 71. Nc7+ Kc6 72.
Ne8 d3 73. Rxe5 d2 0-1

[Event "Early-Titled-Tuesday-Blitz-September-12-2023"]
[Site "Chess.com"]
[Date "2023.09.12"]
[Round "2"]
[White "Zavgorodniy_Sergiy"]
[Black "UmarovSabir"]
[Result "1-0"]
[WhiteElo "2519"]
[BlackElo "2295"]
[TimeControl "180+1"]
[EndTime "8:20:06 PDT"]
[Termination "Zavgorodniy_Sergiy won on time"]

1. d4 g6 2. c4 Bg7 3. Nf3 c6 4. Nc3 d6 5. e4 Bg4 6. Be2 Qb6 7. d5 Bxc3+ 8. bxc3 Nf6 9. Qc2 Nbd7 10. Rb1 Qc7 11.
O-O O-O 12. Bh6 Rfc8 13. Rfc1 Nc5 14. h3 Bd7 15. Nd2 cxd5 16. cxd5 Ba4 17. Qb2 Nfxe4 18. Nxe4 Nxe4 19. c4 f6 20. Qxb7 Nc5 21. Qb2 Rab8 22. Qd4 Rxb1 23. Rxb1 Rb8 24. Re1 Kf7 25. Bg4 Bd7 26.
Bxd7 Qxd7 27. Kh2 Qf5 28. Qe3 Rb7 29. Bf4 h5 30. h4 Qg4 31. g3 Qf5 32. Re2 a5 33.
Qc3 a4 34. Qe3 Qd3 35. Kg2 Qxe3 36. Bxe3 a3 37. Bxc5 dxc5 38. Re3 Rb4 39. Rc3 f5 40. Kf3 Kf6 41. Kf4 Rb2 42. Rxa3 Rxf2+ 43. Ke3 Rc2 44. Ra6+ Kf7 45. Kd3 Rg2 46. Rc6 Rxg3+ 47. Ke2 Rg4 48.
Rxc5 Rxh4 49. a4 Rh2+ 50. Ke3 Ra2 51. a5 g5 52. d6 Ra3+ 53. Kf2 exd6 54. Rxf5+ Kg6 55.
Rd5 h4 56. Rxd6+ Kh5 57. a6 Kg4 58. Rd4+ Kf5 59. Rd5+ Kf4 60. Rd4+ Ke5 61. Rd5+ Kf4 62. Rd4+ Kf5 63. Rd5+ Kg6 64. Rd6+ Kh5 65. c5 h3 66. Kg1 Kh4 67. c6 g4 68. c7 g3 69. Rd4+ Kg5 70. Rd5+ Kf4 71. Rf5+ Ke4 72. c8=Q Ra1+ 73. Rf1 h2+ 74. Kg2 Rxf1 75. Qc6+ Kd4 76. Kxf1 1-0

[Event "Early-Titled-Tuesday-Blitz-September-12-2023"]
[Site "Chess.com"]
[Date "2023.09.12"]
[Round "2"]
[White "fen_fire"]
[Black "mmDarko"]
[Result "0-1"]
[WhiteElo "2450"]
[BlackElo "2198"]
[TimeControl "180+1"]
[EndTime "8:20:06 PDT"]
[Termination "mmDarko won by checkmate"]

1. Nf3 e6 2. c3 d5 3. d3 Nf6 4. Nbd2 c5 5. Qc2 Nc6 6. e4 Be7 7. Be2 O-O 8. O-O e5 9. a3 d4 10. Nc4 Qc7 11. cxd4 Nxd4 12. Nxd4 cxd4 13. a4 Be6 14. b3 Nd7 15. f4 f6 16. Bd2 Rac8 17.
Rfc1 exf4 18. Rf1 Bxc4 19. Bxf4 Bd6 20. Bxd6 Qxd6 21. bxc4 Rc5 22. Rab1 b6 23. Rb5 Ne5 24. Rfb1 Rfc8 25. Qd2 Rxb5 26. axb5 h6 27. Ra1 Rc7 28. g3 Qc5 29. Kg2 Qe7 30. Qa2 Kh7 31. Qb2 Qd7 32. Qd2 Qe7 33. h3 Qc5 34. Qa2 Qe7 35. Qa3 Qxa3 36. Rxa3 Kg8 37. Bh5 Kf8 38. Be2 Ke7 39.
h4 Kd6 40. Kf2 Kc5 41. Ra4 Kd6 42. Ra3 Nd7 43. Bg4 Nc5 44. Bh5 Ke7 45. Ke2 Kd8 46. Bf3 Kc8 47. Bg2 Kb8 48. Bh3 Re7 49. Ra1 Re5 50. Rf1 Kb7 51. Bf5 a6 52. bxa6+ Nxa6 53. Rf4 Ra5 54. Rg4 g5 55. hxg5 hxg5 56. Kf3 Re5 57.
Bg6 Nc5 58. Ke2 Ka6 59. Bf5 Ka5 60. Kd2 Kb4 61. Kc2 Ka3 62. Bg6 Nb3 63. Bf5 Na1+ 64. Kd2 Kb2 65. Bg6 Nb3+ 66. Ke2 Kc3 67. Kf3 Nc5 68.
Ke2 Nxd3 69. Bf5 Nc5 70. Kf3 Kxc4 71. Ke2 Kc3 72. Kd1 d3 73. Kc1 b5 74. Kd1 b4 75.
Rf4 gxf4 76. gxf4 Rxf5 77. exf5 b3 78. Kc1 b2+ 79. Kb1 d2 80. Ka2 d1=Q 81. Ka3 Qa1# 0-1

[Event "Early-Titled-Tuesday-Blitz-September-12-2023"]
[Site "Chess.com"]
[Date "2023.09.12"]
[Round "2"]
[White "econpower"]
[Black "vladoboch"]
[Result "1-0"]
[WhiteElo "2738"]
[BlackElo "2419"]
[TimeControl "180+1"]
[EndTime "8:20:11 PDT"]
[Termination "econpower won by resignation"]

1. d4 Nf6 2. Nf3 e6 3. c4 c5 4. d5 exd5 5. cxd5 d6 6. g3 g6 7.
Bg2 Bg7 8. O-O O-O 9. a4 Na6 10. Nfd2 Nb4 11. Nc4 Re8 12. Bf4 Ne4 13. Nbd2 Bf5 14.
Nb3 a6 15. f3 b5 16. axb5 axb5 17. Rxa8 Qxa8 18. Nb6 Qb7 19. fxe4 Bxe4 20. Bxd6 Bxg2 21. Kxg2 Qxb6 22. Bxc5 Qc7 23. Bxb4 Qc4 24. Be1 Qe4+ 25. Kg1 Bh6 26. Bf2 Rd8 27. d6 Qe6 28. Nc5 Qe5 29. Qd3 Rxd6 30. Qc3 Qd5 31. e4 Qc6 32. b4 Bg7 33. Qf3 Qa8 34. Be3 Qe8 35. Bf2 Rf6 36. Qd3 Re6 37. Rd1 Re7 38. Qd8 h5 39. Qxe8+ Rxe8 40. Rd7 Bc3 41. Nd3 Rxe4 42. Rd5 Bxb4 43. Bd4 Bf8 44. Rd8 f6 45. Bc5 Kf7 46. Rxf8+ Ke6 47.
Rd8 Kf5 48. Kf2 Rc4 49. Rd4 Rc2+ 50. Kf3 Rxh2 51. Rd5+ Ke6 52. Rd6+ Kf7 53. Bf2 g5 54. Ne1 h4 55. gxh4 gxh4 56. Rd4 Rh3+ 57. Kg2 Rb3 58. Rxh4 Ke6 59. Rh5 b4 60. Rb5 Rb2 61. Nd3 Rd2 62.
Nxb4 Rb2 63. Rb6+ Kf5 64. Kf3 Rb3+ 65. Be3 Rb1 66. Bd2 Rf1+ 67. Ke2 Rh1 68. Rc6 Rh2+ 69. Kd3 Rh4 70. Ke2 Rh2+ 71. Kd3 Rh3+ 72. Be3 Rh4 73.
Rc5+ Kg6 74. Nc2 Rh3 75. Nd4 Rh1 76. Rc6 Rd1+ 77. Ke4 Rf1 78. Ne2 Re1 79. Nf4+ Kf7 80. Kf3 Rf1+ 81. Kg4 Re1 82. Bd4 Ke7 83. Bxf6+ Kd7 84.
Rc4 Rg1+ 85. Kf5 Rf1 86. Rd4+ Kc7 87. Be5+ Kc6 88. Ke6 Ra1 89. Rd6+ Kc5 90. Nd5 Re1 91. Ne7 Kc4 92. Rc6+ Kb5 93. Rc8 Rd1 94. Nf5 Rd2 95.
Nd4+ Kb4 96. Kd5 Rd1 97. Bd6+ Ka4 98. Rb8 Ka5 99. Bc5 Ka6 100. Rb6+ Ka7 101. Rb1+ 1-0

[Event "Early-Titled-Tuesday-Blitz-September-12-2023"]
[Site "Chess.com"]
[Date "2023.09.12"]
[Round "2"]
[White "Ermito2020"]
[Black "Arash_Tahbaz"]
[Result "0-1"]
[WhiteElo "2543"]
[BlackElo "2833"]
[TimeControl "180+1"]
[EndTime "8:20:13 PDT"]
[Termination "Arash_Tahbaz won by checkmate"]

1. e4 g6 2. d4 Bg7 3. Nc3 d6 4. Be3 Nd7 5. Qd2 a6 6. h4 h6 7. O-O-O b5 8. h5 g5 9. f4 gxf4 10. Bxf4 Bb7 11. Qe3 Nb6 12. Bd3 Nf6 13. Nge2 Rc8 14.
Ng3 e6 15. d5 e5 16. Nf5 exf4 17. Qxf4 Kf8 18. Rdf1 Nbd7 19. g4 Ne5 20. g5 hxg5 21.
Qxg5 Ne8 22. Qg3 Bh6+ 23. Nxh6 Rxh6 24. Rhg1 Rxh5 25. Qg8+ Ke7 26. Be2 Nf6 27. Qxd8+ Rxd8 28. Rxf6 Kxf6 29. Bxh5 Rh8 30. Be2 Rh2 31. a3 Bc8 32.
Rf1+ Kg5 33. Kd2 Nc4+ 34. Kc1 Ne5 35. b3 f5 36. Rg1+ Kf4 37. Rg8 Bd7 38. exf5 Bxf5 39. Rf8 Kg5 40. Rg8+ Kf6 41. Rf8+ Kg6 42. Rg8+ Kf6 43.
Ra8 Bg4 44. Bxg4 Nxg4 45. Rxa6 Ne3 46. Nxb5 Rxc2+ 47. Kb1 Rc5 48. a4 Nxd5 49. Ra7 Ke5 50. Kb2 c6 51. Rd7 cxb5 52. a5 b4 53. Ra7 Kd4 54.
a6 Ra5 55. Ra8 Nc7 56. Rd8 Rxa6 57. Rb8 Nd5 58. Rh8 Kc5 59. Rh4 Ra7 60. Rc4+ Kb5 61. Rd4 Kc5 62. Rc4+ Kb6 63. Rd4 Kc6 64. Rc4+ Kd7 65.
Rd4 Ke6 66. Re4+ Kf5 67. Rd4 Ke5 68. Rh4 Rb7 69. Rh5+ Kd4 70. Rh4+ Kc5 71. Rc4+ Kb5 72. Rd4 Kc6 73. Rc4+ Kd7 74. Re4 Nc3 75. Rh4 d5 76.
Kc2 Kd6 77. Kd3 Rg7 78. Rxb4 Rg3+ 79. Kc2 Kc5 80. Rb8 Nb5 81. Rc8+ Kb4 82. Rb8 Rc3+ 83. Kd2 Rxb3 84. Rd8 d4 85. Rd7 Kc4 86. Rd8 Rb2+ 87. Kc1 Rh2 88. Rc8+ Kd3 89. Rb8 Nc3 90. Rb2 Rh1# 0-1

[Event "Early-Titled-Tuesday-Blitz-September-12-2023"]
[Site "Chess.com"]
[Date "2023.09.12"]
[Round "2"]
[White "Cambek64"]
[Black "KNVB"]
[Result "0-1"]
[WhiteElo "2523"]
[BlackElo "2764"]
[TimeControl "180+1"]
[EndTime "8:20:21 PDT"]
[Termination "KNVB won by resignation"]

1. d4 Nf6 2. Nf3 e6 3. Bg5 h6 4.
Bxf6 Qxf6 5. c3 d6 6. Nbd2 Nd7 7.
e3 c6 8. g3 Qd8 9. Bg2 Be7 10. O-O O-O 11. a4 a5 12. Re1 Qc7 13. Nc4 Re8 14. Qc2 Bf8 15. Rad1 e5 16. dxe5 dxe5 17.
Nfd2 Nc5 18. Ne4 Bg4 19. Rd2 Rad8 20. h3 Be6 21. Nxc5 Bxc5 22. b3 Rxd2 23. Nxd2 Be7 24.
Rd1 Rd8 25. Nc4 Rxd1+ 26. Qxd1 g6 27. Kh2 h5 28. h4 Kg7 29. Qd3 f5 30. e4 f4 31. Bh3 Bf7 32. Qd7 Qxd7 33. Bxd7 Bd8 34. Kg2 fxg3 35. fxg3 Kf6 36. Kf3 Ke7 37. Bc8 b5 38. Nd2 Kd6 39. Ke3 Be7 40. Kd3 Bd8 41. Ba6 Kc5 42. Kc2 Kb6 43. Bc8 Bf6 44. Bh3 g5 45.
hxg5 Bxg5 46. Bf5 Bxd2 47. Kxd2 Bxb3 48. axb5 cxb5 49. Bg6 Kc5 50. Bxh5 Kd6 51. g4 Ke7 52. g5 Bf7 53. Be2 b4 54. cxb4 axb4 55. Kc2 Kf8 56. Bg4 Kg7 57. Bf5 Bc4 58. Kb2 Kg8 59. Kc2 Kf8 60.
Kb2 Ke7 61. Kc2 Bg8 62. Kb2 Kd6 63. Kc2 Bc4 64. Kb2 Kc5 65. Kc2 Kc6 66. Kb2 Kc7 67.
Kc2 Kd8 68. Kb2 Ke7 69. Kc2 Be6 70. Bxe6 Kxe6 71. Kb3 Kf7 72. Kxb4 Kg6 73. Kc5 Kxg5 74. Kd5 Kf4 75. Kc4 Kxe4 76. Kc3 Ke3 77. Kc2 e4 78. Kd1 Kf2 79. Kd2 e3+ 80. Kd3 e2 81. Kd4 e1=Q 82. Kd3 Qe3+ 83. Kc4 Ke2 84. Kb5 Qd3+ 85. Kb6 Ke3 86.
Kb7 Qd4 87. Kc6 Ke4 88. Kb5 Qd5+ 89. Kb4 Kd4 90. Ka4 Qc5 91. Kb3 Qc4+ 92. Kb2 Qc3+ 93. Kb1 Kd3 94. Ka2 Qb4 95. Ka1 Kc3 0-1

[Event "Early-Titled-Tuesday-Blitz-September-12-2023"]
[Site "Chess.com"]
[Date "2023.09.12"]
[Round "2"]
[White "M_One1126"]
[Black "DrVelja"]
[Result "1/2-1/2"]
[WhiteElo "2576"]
[BlackElo "2867"]
[TimeControl "180+1"]
[EndTime "8:20:28 PDT"]
[Termination "Game drawn - insufficient material"]

1. e4 c5 2. Nf3 Nc6 3. d4 cxd4 4.
Nxd4 g6 5. c4 Bg7 6. Be3 d6 7.
Nc3 Qb6 8. Nb3 Bxc3+ 9. bxc3 Qc7 10. c5 dxc5 11. Nxc5 Nf6 12. f3 O-O 13. Be2 Rd8 14. Qa4 b6 15. Nb3 Ne5 16. Bd4 Bd7 17. Qa3 Be6 18.
O-O Nc4 19. Qc1 Bd7 20. Qg5 Nh5 21. f4 Nf6 22. Bf3 Rac8 23. Kh1 Ba4 24. e5 Ne8 25. f5 Ng7 26. fxg6 hxg6 27. Bg4 Bd7 28. e6 Bxe6 29. Qh6 Ne5 30. Bh3 Bxh3 31. Qxh3 Nc6 32. Qf3 Nf5 33. g4 Ncxd4 34. cxd4 Nd6 35. Rac1 Qb7 36.
d5 Rxc1 37. Rxc1 Ne8 38. Rd1 Nf6 39. g5 Rxd5 40. Rf1 Qc8 41. gxf6 Rf5 42. Qg2 Rxf1+ 43. Qxf1 Qc6+ 44. Kg1 exf6 45. Qg2 Qc7 46. Qf2 Kg7 47. Nd4 Qe5 48. Qd2 Qd5 49. Kf2 b5 50. Nf3 Qc5+ 51. Kg2 b4 52. Qb2 a5 53. Nd2 Qd5+ 54. Kf2 Qf5+ 55. Ke2 Qh5+ 56. Nf3 Qb5+ 57.
Kf2 a4 58. Nd4 Qc5 59. Ke2 Qe5+ 60. Kd3 Qd6 61. Kc4 b3 62. axb3 axb3 63. Kxb3 Qe5 64. Kc4 Qe4 65. Qf2 f5 66. Qf3 Qe5 67. Qc3 Qc7+ 68.
Kd3 Qxc3+ 69. Kxc3 Kh6 70. Kd3 Kh5 71. Ke3 Kh4 72. Kf2 Kh3 73. Kg1 f4 74. Nf3 f6 75.
Kh1 g5 76. Kg1 g4 77. Nd2 g3 78. hxg3 fxg3 79. Ne4 f5 80. Nd2 f4 81. Nf3 g2 82.
Ne1 Kg3 83. Nxg2 f3 84. Ne3 f2+ 85. Kf1 Kf3 86. Nd1 Ke4 87. Nxf2+ 1/2-1/2

[Event "Early-Titled-Tuesday-Blitz-September-12-2023"]
[Site "Chess.com"]
[Date "2023.09.12"]
[Round "3"]
[White "nihalsarin"]
[Black "lolo9292"]
[Result "1-0"]
[WhiteElo "3108"]
[BlackElo "2197"]
[TimeControl "180+1"]
[EndTime "8:22:17 PDT"]
[Termination "nihalsarin won by resignation"]

1. d3 d5 2. Nd2 Nf6 3. Ngf3 Nc6 4.
g3 e5 5. Bg2 e4 6. Ng5 exd3 7.
cxd3 h6 8. Ngf3 Be6 9. O-O Qd7 10. a3 Bh3 11. b4 Bxg2 12. Kxg2 Be7 13. Bb2 O-O 14.
Rc1 a6 15. Qc2 Rac8 16. Nb3 a5 17. Bxf6 Bxf6 18. Nc5 Qf5 19. Nxb7 Nd4 20. Nxd4 Bxd4 21. Nxa5 1-0

[Event "Early-Titled-Tuesday-Blitz-September-12-2023"]
[Site "Chess.com"]
[Date "2023.09.12"]
[Round "3"]
[White "lluiss"]
[Black "orestn"]
[Result "1-0"]
[WhiteElo "2176"]
[BlackElo "2402"]
[TimeControl "180+1"]
[EndTime "8:22:31 PDT"]
[Termination "lluiss won by resignation"]

1. Nf3 d5 2. d4 e6 3. c4 Nf6 4. cxd5 exd5 5. Nc3 c6 6. Qc2 Bg4 7.
Ne5 Be6 8. Bg5 Be7 9. e3 Nfd7 10.
Bxe7 Qxe7 11. Nxd7 Nxd7 12. Bd3 h6 13. O-O O-O 14. Rab1 a5 15. Rfc1 Rfc8 16. Na4 b5 17. Nc5 Nxc5 18. Qxc5 Bd7 19. Qxe7 1-0

[Event "Early-Titled-Tuesday-Blitz-September-12-2023"]
[Site "Chess.com"]
[Date "2023.09.12"]
[Round "3"]
[White "chessdjw"]
[Black "Irishchessman16"]
[Result "1-0"]
[WhiteElo "2746"]
[BlackElo "2498"]
[TimeControl "180+1"]
[EndTime "8:22:32 PDT"]
[Termination "chessdjw won by resignation"]

1. e4 c5 2. Nf3 Nc6 3. Bb5 g6 4.
Bxc6 bxc6 5. O-O Bg7 6. Re1 e5 7. c3 Ne7 8. d4 cxd4 9. cxd4 exd4 10. Nxd4 d6 11. Nc3 O-O 12. Bg5 h6 13. Nxc6 Nxc6 14.
Bxd8 Rxd8 15. Qd2 Be6 16. Rac1 Ne5 17. Nd5 Rab8 18. b3 1-0

[Event "Early-Titled-Tuesday-Blitz-September-12-2023"]
[Site "Chess.com"]
[Date "2023.09.12"]
[Round "3"]
[White "giomar27"]
[Black "SHIVACalypso"]
[Result "1-0"]
[WhiteElo "2280"]
[BlackElo "2464"]
[TimeControl "180+1"]
[EndTime "8:22:42 PDT"]
[Termination "giomar27 won by resignation"]

1. e4 c5 2. Nf3 d6 3. d4 cxd4 4. Nxd4 Nf6 5. Nc3 a6 6. Bc4 b5 7. Bb3 Bb7 8. O-O g6 9. f4 Bg7 10. e5 dxe5 11. fxe5 Nd5 12. Qf3 O-O 13. Bxd5 Bxd5 14.
Qxd5 Qb6 15. Be3 Rd8 16. Qe4 Nd7 17. Nc6 Nc5 18. Nxd8 1-0

[Event "Early-Titled-Tuesday-Blitz-September-12-2023"]
[Site "Chess.com"]
[Date "2023.09.12"]
[Round "3"]
[White "vladoboch"]
[Black "biostatistician"]
[Result "0-1"]
[WhiteElo "2415"]
[BlackElo "2588"]
[TimeControl "180+1"]
[EndTime "8:22:58 PDT"]
[Termination "biostatistician won by resignation"]

1. e4 e5 2. Nf3 Nc6 3. Bc4 Bc5 4. c3 Nf6 5. d3 d6 6. Nbd2 a6 7. Bb3 O-O 8. Nf1 Ng4 9. Ne3 Nxe3 10.
Bxe3 Bxe3 11. fxe3 Kh8 12. O-O f5 13. exf5 Bxf5 14. Qe1 Rf6 15. e4 Bg4 16. Ng5 Rxf1+ 17. Qxf1 Qxg5 18. Qf2 Qe7 19. d4 exd4 20. cxd4 Qxe4 21.
Rf1 Qxd4 0-1

[Event "Early-Titled-Tuesday-Blitz-September-12-2023"]
[Site "Chess.com"]
[Date "2023.09.12"]
[Round "3"]
[White "schack_vit"]
[Black "Bilan_Danila"]
[Result "0-1"]
[WhiteElo "2422"]
[BlackElo "2595"]
[TimeControl "180+1"]
[EndTime "8:23:03 PDT"]
[Termination "Bilan_Danila won by resignation"]

1. c4 c6 2. Nf3 d5 3. g3 Nf6 4. Bg2 Bf5 5. Qb3 Qb6 6. d4 e6 7.
Nc3 Nbd7 8. c5 Qa6 9. Bd2 b6 10.
cxb6 axb6 11. Ne5 Nxe5 12. dxe5 Nd7 13. e4 Nc5 0-1

[Event "Early-Titled-Tuesday-Blitz-September-12-2023"]
[Site "Chess.com"]
[Date "2023.09.12"]
[Round "3"]
[White "FMStan15"]
[Black "Orest_Vovk"]
[Result "0-1"]
[WhiteElo "2068"]
[BlackElo "2532"]
[TimeControl "180+1"]
[EndTime "8:23:06 PDT"]
[Termination "Orest_Vovk won by resignation"]

1. e4 g5 2. d4 g4 3. Qxg4 d5 4. Qe2 dxe4 5. Qxe4 Nf6 6. Qd3 Nc6 7. c3 Qd5 8. Nf3 Bg4 9. Be2 O-O-O 10. c4 Qh5 11. Be3 e5 12. d5 e4 13. Qd1 exf3 14.
gxf3 Bf5 15. dxc6 Rxd1+ 0-1

[Event "Early-Titled-Tuesday-Blitz-September-12-2023"]
[Site "Chess.com"]
[Date "2023.09.12"]
[Round "3"]
[White "AradNazari"]
[Black "infinitegiantkiller"]
[Result "1-0"]
[WhiteElo "2732"]
[BlackElo "2494"]
[TimeControl "180+1"]
[EndTime "8:23:08 PDT"]
[Termination "AradNazari won by resignation"]

1. e4 c5 2. Nf3 Nc6 3. Bb5 g6 4. Bxc6 bxc6 5. d3 Bg7 6. O-O d6 7. h3 e5 8. Be3 Ne7 9. c3 O-O 10. d4 cxd4 11. cxd4 f5 12. dxe5 fxe4 13. exd6 exf3 14. Bg5 Bf6 15. Bxf6 Rxf6 16. dxe7 Qxe7 17. Re1 Qf7 18. Qd8+ Kg7 19. Re7 1-0

[Event "Early-Titled-Tuesday-Blitz-September-12-2023"]
[Site "Chess.com"]
[Date "2023.09.12"]
[Round "3"]
[White "temiksmozg"]
[Black "sjoerd893"]
[Result "1-0"]
[WhiteElo "2634"]
[BlackElo "2460"]
[TimeControl "180+1"]
[EndTime "8:23:11 PDT"]
[Termination "temiksmozg won by resignation"]

1. d4 d5 2. c4 c6 3. Nc3 Nf6 4.
e3 e6 5. Nf3 Nbd7 6. Qc2 Bd6 7.
b3 b6 8. Bd3 Bb7 9. Bb2 Qe7 10.
O-O O-O 11. e4 dxe4 12. Nxe4 Nxe4 13. Bxe4 Nf6 14. Bd3 c5 15. dxc5 Bxc5 16. Bxf6 Qxf6 17. Bxh7+ Kh8 18. Be4 Bxe4 19. Qxe4 Rad8 20. Rad1 Qb2 21. Rxd8 Rxd8 22. Qh4+ 1-0

[Event "Early-Titled-Tuesday-Blitz-September-12-2023"]
[Site "Chess.com"]
[Date "2023.09.12"]
[Round "3"]
[White "lamomiajunior"]
[Black "ShahMatKanal"]
[Result "0-1"]
[WhiteElo "2709"]
[BlackElo "2505"]
[TimeControl "180+1"]
[EndTime "8:23:53 PDT"]
[Termination "ShahMatKanal won by resignation"]

1. d4 d5 2. Nc3 c6 3. Bf4 Bf5 4. e3 e6 5. Nf3 Bd6 6. Bxd6 Qxd6 7. Bd3 Bxd3 8. Qxd3 Nd7 9. O-O Ngf6 10. e4 dxe4 11. Nxe4 Nxe4 12. Qxe4 Nf6 13. Qh4 Qb4 14. b3 O-O 15. c4 a5 16. Rab1 a4 17. Rfc1 axb3 18.
Rxb3 Qe7 19. Rcb1 Rxa2 20. Rxb7 Qxb7 0-1

[Event "Early-Titled-Tuesday-Blitz-September-12-2023"]
[Site "Chess.com"]
[Date "2023.09.12"]
[Round "3"]
[White "SamCopeland"]
[Black "crazy_but_lazy"]
[Result "0-1"]
[WhiteElo "2316"]
[BlackElo "2624"]
[TimeControl "180+1"]
[EndTime "8:23:53 PDT"]
[Termination "crazy_but_lazy won by resignation"]

1. e4 c5 2. Nf3 Nc6 3. d4 cxd4 4. Nxd4 g6 5. c4 Bg7 6. Be3 Nf6 7. Nc3 d6 8. Be2 O-O 9. Nc2 Bd7 10. O-O a6 11. f4 Rb8 12. a4 Rc8 13. Rc1 Qa5 14. f5 Ne5 15. Na3 Bc6 16. Bf3 Nxf3+ 17. Rxf3 Nxe4 18.
Nxe4 Bxe4 19. Rh3 Bxf5 20. Rh4 Bxb2 0-1

[Event "Early-Titled-Tuesday-Blitz-September-12-2023"]
[Site "Chess.com"]
[Date "2023.09.12"]
[Round "3"]
[White "kacprekt"]
[Black "Dom1nant1337"]
[Result "1-0"]
[WhiteElo "2442"]
[BlackElo "2583"]
[TimeControl "180+1"]
[EndTime "8:24:06 PDT"]
[Termination "kacprekt won by resignation"]

1. d4 d5 2. Nf3 e6 3. c4 c5 4. cxd5 exd5 5. Bg5 Be7 6. Bxe7 Nxe7 7. dxc5 Nbc6 8. e3 Qa5+ 9. Nc3 Qxc5 10. Be2 O-O 11. O-O Bg4 12. Nd4 Bxe2 13. Ncxe2 Qb6 14. b3 Ne5 15. Rc1 Rac8 16. Qd2 g6 17. Rxc8 Rxc8 18. Rc1 Qc6 19. Nxc6 1-0

[Event "Early-Titled-Tuesday-Blitz-September-12-2023"]
[Site "Chess.com"]
[Date "2023.09.12"]
[Round "3"]
[White "MathiasWomacka"]
[Black "chess123456s"]
[Result "1/2-1/2"]
[WhiteElo "2473"]
[BlackElo "2630"]
[TimeControl "180+1"]
[EndTime "8:24:12 PDT"]
[Termination "Game drawn by repetition"]

1. e4 e5 2. Nf3 Nc6 3. Bb5 a6 4. Bxc6 dxc6 5. O-O Bd6 6. d4 exd4 7. Qxd4 f6 8. Be3 Ne7 9. Nbd2 Be6 10. Qc3 Qd7 11.
Nc4 Bxc4 12. Qxc4 O-O-O 13. Rad1 Kb8 14. Nd4 Qg4 15. f3 Qh4 16. g3 Bxg3 17. hxg3 Qxg3+ 18. Kh1 Qh3+ 19. Kg1 Qg3+ 20. Kh1 Qh3+ 21. Kg1 Qg3+ 1/2-1/2